Map: Acropolis LE

Players

Serral - Winner!

  • Race: Zerg Zerg
  • Spawn Location: 5:00

Hellraiser

  • Race: Protoss Protoss
  • Spawn Location: 11:00

Event: 2019 WCS Summer

VOD

Have the link to the VOD?

Description

Time

  • Played on: July 12, 2019, 3:03 p.m.
  • Length: 8:52

All games in this series

Show
View Real Time Build Order
Export as new Build Order

Serral Zerg - Winner!

Build Orders: Hatch First, Ravager All-In 

Get SALT Encoding   

  12  0:00  Drone  
  13  0:12  Overlord  
  13  0:16  Drone  
  14  0:30  Drone x2  
  16  0:48  Hatchery  
  15  0:50  Drone  
  15  0:54  Drone  
  17  0:57  Drone  
  18  1:07  Extractor  
  17  1:13  Spawning Pool  
  17  1:16  Drone  
  17  1:19  Drone  
  18  1:28  Drone  
  19  1:38  Drone  
  20  2:00  Zergling x2  
  23  2:06  Zergling x4  
  25  2:11  Queen  
  25  2:12  Roach Warren  
  25  2:14  Extractor  
  23  2:31  Zergling x4  
  25  2:39  Overlord  
  25  2:42  Drone  
  25  2:43  Drone  
  25  2:54  Roach  
  26  3:01  Roach  
  27  3:09  Roach x2  
  31  3:15  Roach  
  31  3:18  Ravager  
  34  3:23  Overlord  
  34  3:28  Ravager  
  34  3:32  Overlord  
  34  3:44  Roach  
  36  3:50  Queen  
  36  3:54  Ravager  
  36  3:55  Ravager  
  40  3:58  Drone  
  41  4:11  Drone x2  
  43  4:27  Hatchery  
  42  4:41  Overlord  
  42  4:42  Roach  
  42  4:44  Ravager x2  
  46  4:51  Lair  
  46  5:01  Drone x3  
  46  5:06  Drone  
  50  5:11  Drone x2  
  52  5:16  Drone  
  50  5:22  Ravager  
  51  5:30  Drone  
  51  5:34  Metabolic Boost  
  52  5:43  Drone x2  
  52  5:49  Zergling x6  
  54  5:55  Spire  
  53  5:59  Drone  
  53  6:00  Drone  
  55  6:04  Drone x2, Extractor x2  
  55  6:11  Overlord  
  55  6:18  Drone x2  
  55  6:19  Drone x3  
  55  6:25  Overlord  
  60  6:27  Overlord  
  60  6:32  Spore Crawler  
  59  6:34  Spore Crawler  
  59  6:37  Drone  
  59  6:40  Drone  
  59  6:41  Drone  
  59  6:45  Drone x2  
  63  6:48  Drone  
  63  6:52  Drone x2  
  63  6:54  Drone  
  67  6:58  Overlord  
  67  7:02  Overlord  
  67  7:08  Spore Crawler  
  65  7:18  Mutalisk x4  
  73  7:25  Mutalisk x2  
  73  7:29  Mutalisk  
  78  7:32  Mutalisk  
  78  7:34  Drone  
  78  7:37  Drone  
  82  7:38  Drone  
  83  7:44  Overlord  
  83  7:59  Corruptor  
  83  8:04  Hatchery  
  84  8:07  Corruptor  
  84  8:08  Corruptor  
  88  8:21  Corruptor  
  88  8:23  Overlord x2  
  88  8:25  Mutalisk  
  92  8:29  Drone x2  
  92  8:30  Drone x2  
  92  8:32  Drone  
  92  8:33  Drone  
Show
View Real Time Build Order
Export as new Build Order

Hellraiser Protoss 

Build Orders:  

Get SALT Encoding   

  12  0:01  Probe  
  13  0:13  Probe  
  14  0:25  Probe  
  15  0:31  Pylon  
  15  0:50  Gateway  
  15  0:51  Gateway  
  15  0:58  Forge  
  15  1:01  Probe  
  16  1:13  Probe  
  17  1:29  Zealot x2  
  17  1:30  Pylon  
  21  1:48  Photon Cannon  
  21  1:51  Photon Cannon  
  21  1:53  Zealot  
  21  1:54  Zealot  
  25  2:04  Photon Cannon  
  25  2:06  Photon Cannon  
  25  2:10  Probe  
  25  2:12  Assimilator  
  26  2:22  Probe  
  29  2:29  Pylon  
  27  2:42  Zealot  
  27  2:43  Cybernetics Core  
  25  2:47  Zealot  
  27  2:55  Pylon  
  25  3:03  Probe  
  25  3:05  Assimilator  
  24  3:15  Probe  
  24  3:16  Adept  
  25  3:20  Shield Battery  
  25  3:25  Adept  
  29  3:30  Shield Battery  
  29  3:44  Probe  
  29  3:47  Adept  
  27  3:55  Adept  
  27  3:56  Probe  
  30  4:08  Probe  
  31  4:11  Robotics Facility  
  31  4:23  Photon Cannon  
  31  4:24  Pylon  
  31  4:32  Pylon  
  31  4:42  Probe  
  32  4:54  Immortal  
  36  5:01  Probe  
  34  5:12  Shield Battery  
  34  5:13  Probe  
  33  5:25  Probe  
  33  5:28  Warp Prism  
  34  5:29  Stargate  
  36  5:46  Nexus  
  36  5:49  Probe  
  36  5:56  Pylon  
  36  6:07  Observer, Oracle  
  36  6:08  Probe  
  41  6:20  Probe  
  42  6:33  Probe, Gateway  
  42  6:36  Pylon  
  43  6:46  Immortal  
  47  6:52  Oracle  
  47  6:54  Probe  
  51  7:03  Probe  
  51  7:06  Probe  
  53  7:15  Probe  
  54  7:18  Probe  
  54  7:22  Immortal  
  55  7:23  Cybernetics Core  
  55  7:27  Probe  
  56  7:30  Probe  
  61  7:38  Phoenix  
  61  7:41  Probe  
  61  7:43  Probe  
  65  7:55  Probe, Phoenix  
  64  7:59  Shield Battery  
  64  8:01  Stargate  
  65  8:07  Assimilator  
  65  8:08  Probe, Assimilator  
  65  8:12  Pylon  
  66  8:13  Probe  
  66  8:16  Phoenix  
  67  8:20  Probe  
  66  8:32  Probe  
  58  8:35  Probe  
Tags
 
Add a new tag
Caveats
  • Supply blocks, unpowered buildings, or Contaminate may cause inaccurate times.
  • Supply counts are checked every 10 seconds.